 Dungeon Crawl Stone Soup version 0.20.0-15-g7f486f2 (webtiles) character file.

81 maniacrov the Skirmisher (level 4, -6/41 HPs)
             Began as a Minotaur Fighter on June 13, 2017.
             Mangled by an ogre
             ... wielding a cursed +0 giant spiked club
              (11 damage)
             ... on level 3 of the Dungeon.
             The game lasted 00:07:24 (2032 turns).

maniacrov the Skirmisher (Minotaur Fighter)         Turns: 2032, Time: 00:07:24

Health: -6/41      AC: 11    Str: 21    XL:     4   Next: 20%
Magic:  12/12      EV:  4    Int:  5    God:
Gold:   94         SH:  9    Dex: 10    Spells: 3/3 levels left

rFire    . . .     SeeInvis .   a - +0 war axe
rCold    . . .     Gourm    .   c - +0 shield
rNeg     . . .     Faith    .   d - +0 plate armour
rPois    .         Spirit   .   (helmet restricted)
rElec    .         Reflect  .   (no cloak)
rCorr    .         Harm     .   (no gloves)
MR       .....                  (no boots)
Stlth    ..........             (no amulet)
Regen    0.2/turn               j - ring of magical power
MPRegen  0.2/turn               (no ring)

@: no status effects
A: retaliatory headbutt, horns 2
a: no special abilities


You were on level 3 of the Dungeon.
You were not hungry.

You visited 1 branch of the dungeon, and saw 3 of its levels.

You collected 94 gold pieces.

Inventory:

Hand Weapons
 a - a +0 war axe (weapon)
Armour
 c - a +0 shield (worn)
 d - a +0 plate armour (worn)
Jewellery
 j - a ring of magical power (left hand)
Scrolls
 b - a scroll of enchant armour {unknown}
 g - a scroll of random uselessness {unknown}
 k - a scroll of enchant weapon {unknown}
 m - 4 scrolls of remove curse {unknown}
 p - a scroll of identify
 r - a scroll of immolation {unknown}
Potions
 e - a potion of lignification {unknown}
 h - a potion of haste {unknown}
 i - 2 potions of curing
 l - 2 potions of invisibility {unknown}
 n - a potion of berserk rage {unknown}
 o - 2 potions of agility {unknown}
 s - a potion of resistance {unknown}
Comestibles
 f - 2 meat rations
 q - a bread ration


   Skills:
 + Level 4.3 Fighting
 + Level 3.4 Axes
 + Level 4.2 Armour
 + Level 0.7 Dodging
 + Level 4.2 Shields


You had 3 spell levels left.
You didn't know any spells.

Dungeon Overview and Level Annotations

Branches:
Dungeon (3/15)

Altars:


Innate Abilities, Weirdness & Mutations

You reflexively headbutt those who attack you in melee.
You have a pair of horns on your head.


Message History

Your plate armour prevents you from hitting the ogre.
The ogre is lightly wounded.
You closely miss the frilled lizard. You block the ogre's attack.
The frilled lizard completely misses you.
You hit the ogre.
The ogre is moderately wounded.
You slash the frilled lizard!
You kill the frilled lizard!
The ogre hits you with a giant spiked club!!
Ouch! That really hurt!
* * * LOW HITPOINT WARNING * * *
It was a potion of curing.
You feel better.
The ogre hits you with a giant spiked club!
* * * LOW HITPOINT WARNING * * *
A hobgoblin comes into view. It is wielding a mace.
You barely miss the ogre.
The ogre is moderately wounded.
The hobgoblin shouts!
The ogre hits you with a giant spiked club!
You die...

. ##?##
#...#
#.#.#
#... #..#
#..# #@.#
#O.+ #..#
#..#
#..###+##
#..g.....
#.#######
#.# #.#


You could see an ogre and a hobgoblin.

Vanquished Creatures
  Robin (D:2)
  An adder (D:2)
  An ooze (D:3)
  A worm (D:2)
  2 dart slugs (D:1)
  9 bats
  3 giant cockroaches
  12 goblins
  4 hobgoblins (D:2)
  2 jackals (D:1)
  A quokka (D:3)
  3 frilled lizards
  4 kobolds
  5 rats
  2 bushes (D:1)
  8 plants
59 creatures vanquished.

Notes
Turn   | Place    | Note
-------+----------+-------------------------------------------
     0 | D:1      | maniacrov the Minotaur Fighter began the quest for the Orb.
     0 | D:1      | Reached XP level 1. HP: 19/19 MP: 0/0
   195 | D:1      | Reached XP level 2. HP: 27/27 MP: 1/1
   885 | D:2      | Found a faded altar of an unknown god.
  1068 | D:2      | Noticed Robin
  1074 | D:2      | Reached XP level 3. HP: 23/33 MP: 2/2
  1077 | D:2      | Killed Robin
  1722 | D:3      | Reached XP level 4. HP: 41/41 MP: 3/3
  2021 | D:3      | Noticed an ogre
  2032 | D:3      | Mangled by an ogre

Skill      XL: |  1  2  3 |
---------------+----------+-----
Fighting       | 4 |  4.3
Armour         | 4 |  4.2
Shields        | 4 |  4.2
Axes           | 3 |  3.4
Dodging        | |  0.7

Action                   |  1- 3 |  4- 6 || total
-------------------------+-------+-------++-------
Melee: War axe           |   212 |    49 ||   261
       Headbutt          |    62 |    10 ||    72
  Use: Scroll            |     3 |       ||     3
       Potion            |     1 |     1 ||     2
  Eat: Bread ration      |     1 |       ||     1
Armor: Scale mail        |    28 |       ||    28
       Plate armour      |    22 |    16 ||    38
Dodge: Dodged            |    23 |     4 ||    27
Block: Shield            |    56 |    10 ||    66
